 Dungeon Crawl Stone Soup version 0.32-a0-12-g7fc57aa (webtiles) character file.

Game seed: 14726941305282531757

285 lyrin the Slasher (level 6, -1/51 HPs)
             Began as a Draconian Warper on Jan 14, 2024.
             Was a Plaything of Xom.
             Shot with an arrow by a centaur (12 damage)
             ... on level 4 of the Dungeon.
             The game lasted 00:05:50 (3103 turns).

lyrin the Slasher (Draconian Warper)                Turns: 3103, Time: 00:05:51

Health: -1/51      AC: 10    Str: 13    XL:     6   Next: 7%
Magic:  9/9        EV: 13    Int: 14    God:    Xom [.....*]
Gold:   185        SH:  0    Dex: 12    Spells: 9/9 levels left

rFire   . . .        q - +2 short sword (venom)
rCold   . . .        (no shield)
rNeg    . . .        (body armour unavailable)
rPois   .            (helmet restricted)
rElec   .            (no cloak)
rCorr   .            u - +2 pair of gloves
SInv    .            p - +0 pair of boots
Will    .....        (no amulet)
Stlth   ++           (no ring)
HPRegen 0.28/turn    (no ring)
MPRegen 0.11/turn

%: no passive effects
@: no status effects
A: AC +6, unfitting armour, cold-blooded
a: Renounce Religion


You were on level 4 of the Dungeon.
You worshipped Xom.
You were Xom's teddy bear.
You visited 1 branch of the dungeon, and saw 4 of its levels.

You collected 185 gold pieces.

Inventory:

Hand Weapons
 a - a +0 falchion
 h - a +2 dagger of venom
 q - a +2 short sword of venom (weapon)
Missiles
 c - 7 darts of dispersal (quivered)
 v - 5 poisoned darts
Armour
 p - a +0 pair of boots (worn)
 u - a +2 pair of gloves (worn)
Magical Staves
 g - a staff of air
 r - a staff of cold
Scrolls
 i - 2 scrolls of amnesia
 l - a scroll of fog {unknown}
 m - 2 scrolls of fear {unknown}
 n - 2 scrolls of teleportation {unknown}
Potions
 d - 4 potions of brilliance
 e - a potion of magic {unknown}
 f - 3 potions of heal wounds {unknown}
 j - a potion of attraction {unknown}
 k - 3 potions of curing
 o - a potion of enlightenment {unknown}
 s - a potion of ambrosia {unknown}
 t - a potion of lignification {unknown}


   Skills:
 + Level 3.1 Fighting
 + Level 2.8(3.7) Short Blades
 + Level 3.4(4.0) Long Blades
 + Level 0.8 Throwing
 + Level 3.4 Dodging
 + Level 1.7 Stealth
 - Level 2.0 Spellcasting
 - Level 3.1 Translocations


You had 9 spell levels left.
You didn't know any spells.
Your spell library contained the following spells:

 Spells                   Type           Power      Damage    Failure   Level
 Apportation              Tloc           20%        N/A       7%          1
 Blink                    Tloc           20%        N/A       10%         2
 Lesser Beckoning         Tloc           20%        N/A       10%         2
 Teleport Other           Tloc           10%        N/A       21%         3
 Jinxbite                 Hex            2%         N/A       34%         2
 Manifold Assault         Tloc           10%        N/A       54%         4
 Hailstorm                Conj/Ice       1%         3d5       56%         3
 Summon Ice Beast         Ice/Summ       1%         N/A       56%         3
 Vhi's Electric Charge    Tloc/Air       10%        N/A       77%         4
 Alistair's Intoxication  Alch           0%         N/A       100%        5
 Sculpt Simulacrum        Ice/Alch       0%         N/A       100%        6


Dungeon Overview and Level Annotations

Branches:
Dungeon (4/15)
 Temple: D:4-7

Altars:
Elyvilon
Hepliaklqana
Wu Jian
Xom
Yredelemnul

Shops:
D:3 *

Annotations:
D:4 3 runed translucent doors, PidgeyThePirate's ghost, amateur DsMo; ooops's ghost, amateur DsSh


Innate Abilities, Weirdness & Mutations

Your plain brown scales are hard. (AC +6)
You cannot fit into any form of body armour.
You are cold-blooded and may be slowed by cold attacks.


Message History

The hound is almost dead.
The hound barely misses you. x2
You barely miss the hound.
The hound is almost dead.
You kill the hound!
You have reached level 6!
Your scales feel tougher.
Found a chain mail.
A centaur comes into view. It is wielding a +0 glaive.
The centaur unwields a +0 glaive.
The centaur wields a +0 orcbow.
The centaur shoots an arrow.
The arrow closely misses you.
The centaur shoots an arrow.
The arrow hits you!
An iguana comes into view.
The centaur shoots an arrow.
The arrow hits you.
The centaur shoots an arrow.
The arrow barely misses you.
The centaur unwields a +0 orcbow.
The centaur wields a +0 glaive.
The centaur barely misses you. The centaur misses you.
The centaur misses you. x2; The centaur hits you with a +0 glaive.
The centaur barely misses you.
There is an open door here.
You closely miss the centaur. You tail-slap the centaur.
The centaur is lightly wounded.
The centaur closely misses you.
The centaur kicks you but does no damage.
The centaur hits you from afar with a +0 glaive!
You aren't carrying any items that you can evoke.
Unknown command.
Okay, then.
The iguana attacks as it pursues you! The iguana bites you!
* * * LOW HITPOINT WARNING * * *
Blink to where?
Press: ? - help, Dir - move target
As you read the scroll of blinking, it crumbles to dust. "Time to have some fun!"
The centaur's +0 glaive dances into the air!
The centaur wields a +0 orcbow.
The centaur shoots an arrow.
The arrow misses you.
Something barely misses your +0 glaive.
The centaur shoots an arrow.
The arrow hits you!
You die... "It was about time."

###....##...........#...........#
.##......##########.###.#######.#
..#...##.#........#.###.### #.#
#...####.#.######.#.#.....#####.#
###..........................>#.#
# ########..#####.#.#...........#
# #...# #.#.............# #
#.#.####.#.....#.###.#.# #
#.#.##.@..........#....[ #
#.#.##.#######....#....#
#.#.##.##...##...#######
#.#....#.....#...##.P⌠P#
#.####.#........##8....#
##.####.#.....#..# .....#
##....#c.##...##.## .....+
#......(.#######..# .....+
#..l..##..........# .....+


You could see a centaur (ally target) and a friendly +0 glaive.

Vanquished Creatures
  2 hounds (D:4)
  An iguana (D:4)
  An orc wizard (D:4)
  3 gnolls (D:4)
  4 adders
  A dart slug (D:1)
  A ribbon worm (D:2)
  5 orcs
  14 endoplasms
  6 giant cockroaches
  12 hobgoblins
  8 jackals
  9 kobolds
  3 quokkas
  8 ball pythons
  2 bats
  4 frilled lizards
  10 goblins
  6 rats
100 creatures vanquished.

Notes
Turn   | Place    | Note
-------+----------+-------------------------------------------
     0 | D:1      | lyrin the Draconian Warper began the quest for the Orb.
     0 | D:1      | Reached XP level 1. HP: 17/17 MP: 3/3
   125 | D:1      | Reached XP level 2. HP: 22/24 MP: 5/5
   292 | D:1      | Found a faded altar of an unknown god.
   315 | D:1      | Prayed at the altar of an unknown god.
   315 | D:1      | Became a worshipper of Xom of Chaos
   355 | D:1      | Reached XP level 3. HP: 17/30 MP: 6/6
   824 | D:1      | XOM: silly message
  1092 | D:2      | XOM: god gift: 11 gold pieces
  1463 | D:2      | Reached XP level 4. HP: 37/37 MP: 7/7
  1638 | D:2      | XOM: god gift: staff of cold
  1800 | D:3      | XOM: cast spell 'Disjunction'
  1898 | D:3      | Found an ornate altar of the Wu Jian Council.
  1976 | D:3      | Found a white marble altar of Elyvilon.
  2015 | D:3      | Reached skill level 1 in Short Blades
  2061 | D:3      | Found a hazy altar of Hepliaklqana.
  2104 | D:3      | Found Peah's Assorted Antiques.
  2173 | D:3      | XOM: god gift: scroll labelled KUF JUSATRI {god gift}
  2258 | D:3      | Reached skill level 1 in Stealth
  2587 | D:4      | Reached XP level 5. HP: 44/44 MP: 8/8
  2618 | D:4      | Found a runed translucent gate.
  2618 | D:4      | Found a runed translucent gate.
  2618 | D:4      | Found a runed translucent gate.
  2622 | D:4      | Noticed PidgeyThePirate's ghost (amateur DsMo)
  2622 | D:4      | Noticed ooops's ghost (amateur DsSh)
  2948 | D:4      | Found a basalt altar of Yredelemnul.
  3056 | D:4      | Reached XP level 6. HP: 51/51 MP: 9/9
  3103 | D:4      | Shot with an arrow by a centaur

Illustrated notes

Levels and vault maps discovered:
D:1:      roderic_octagonal_star, layout_loops_ring,
          ebering_ecumenical_altar_mist
D:2:      layout_loops_cross, nrook_uturn, minmay_pentomino_u4
D:3:      layout_basic, elyvilon_altar_5, nicolae_hepliaklqana_hippocampus,
          old_standard_altar, serial_shops,
          nicolae_shop_temple_entry_statues_fountains,
          chequers_serial_rivers_small_a, dk_vineyard_3
D:4:      minmay_angry_zag, layout_basic, mainiacjoe_overflow_six_doors_small,
          nicolae_overflow_hidden_temple, serial_shops, shop,
          gammafunk_ghost_cemetery, minmay_misc_feat_enclosed

Skill      XL: |  1  2  3  4  5 |
---------------+----------------+-----
Long Blades    | 3 |  3.4
Dodging        | 3 |  3.4
Short Blades   | 1 2 |  2.8
Stealth        | 1 |  1.7
Fighting       | 3 |  3.1
Throwing       | |  0.8
Spellcasting   | |  2.0
Translocations | |  3.1

Action                     |  1- 3 |  4- 6 || total
---------------------------+-------+-------++-------
  Melee: Falchion          |   102 |       ||   102
         Tailslap          |    17 |    18 ||    35
         Punch             |     1 |     1 ||     2
         Dagger            |    59 |    12 ||    71
         Short sword       |       |   137 ||   137
    Use: Scroll            |       |     5 ||     5
   Stab: Sleeping          |     1 |     1 ||     2
 Armour: Skin              |    96 |    77 ||   173
  Dodge: Dodged            |   106 |    83 ||   189

Table legend: (Time is in decaauts)
 A = Elapsed time spent in this place.
 B = Non-inter-level travel time spent in this place.
 C = Inter-level travel time spent in this place.
 D = Time resting spent in this place.
 E = Time spent auto-exploring this place.
 F = Levels seen in this place.
 G = Mean time per level.
                   A        B        C        D        E       F      G
               +--------+--------+--------+--------+--------+-----+--------+
         Total |   3098 |   2970 |    128 |     75 |   2077 |   4 |  774.5 |
       Dungeon |   3098 |   2970 |    128 |     75 |   2077 |   4 |  774.5 |
               +--------+--------+--------+--------+--------+-----+--------+

Top non-repeatable levels by time:
     D:1: 895 daAuts
     D:3: 874 daAuts
     D:2: 809 daAuts
     D:4: 519 daAuts
